 Dungeon Crawl Stone Soup version 0.18.1-48-g4cf74bf (webtiles) character file.

325 Heedrag the Magician (level 6, -2/32 HPs)
             Began as a Deep Elf Conjurer on July 27, 2016.
             Was an Initiate of Vehumet.
             Slain by an ogre
             ... wielding a +0 giant club
              (11 damage)
             ... on level 4 of the Dungeon.
             The game lasted 00:07:26 (2591 turns).

Heedrag the Magician (Deep Elf Conjurer)            Turns: 2591, Time: 00:07:27

Health: -2/32      AC:  3    Str:  7    XL:     6   Next: 24%
Magic:  2/18       EV: 13    Int: 20    God:    Vehumet [......]
Gold:   101        SH:  0    Dex: 15    Spells: 3 memorised, 12 levels left

rFire  . . .     SeeInvis .     k - +2 short sword (venom)
rCold  . . .     Gourm    .     a - +0 robe
rNeg   + . .     Faith    .     (no shield)
rPois  .         Spirit   .     (no helmet)
rElec  .         Dismiss  .     (no cloak)
rCorr  .         Reflect  .     j - +0 pair of gloves
SustAt +         Harm     .     (no boots)
MR     .....                    (no amulet)
Stlth  ++........               i - ring of positive energy
                                h - ring of sustain attributes

@: lethally poisoned (-2 -> -5), very slightly contaminated, not resistant to
hostile enchantments, unstealthy
A: no striking features
a: Renounce Religion


You were on level 4 of the Dungeon.
You worshipped Vehumet.
Vehumet was noncommittal.
You were hungry.

You visited 1 branch of the dungeon, and saw 4 of its levels.

You collected 101 gold pieces.

Inventory:

Hand Weapons
 k - a +2 short sword of venom (weapon)
Armour
 a - a +0 robe (worn)
 j - a +0 pair of gloves (worn)
Jewellery
 h - a ring of sustain attributes (left hand)
 i - a ring of positive energy (right hand)
 m - an uncursed ring of sustain attributes
Scrolls
 g - 2 scrolls of identify {unknown}
 l - a scroll of enchant armour {unknown}
 n - a scroll of teleportation {unknown}
 o - a scroll of magic mapping {unknown}
 p - a scroll of fear {unknown}
 q - a scroll of blinking {unknown}
Potions
 d - a potion of degeneration {unknown}
 e - a potion of berserk rage {unknown}
 f - 2 potions of lignification {unknown}
 r - a potion of curing {unknown}
 u - a potion of heal wounds {unknown}
Books
 b - a book of Conjurations

   Spells                             Type                      Level
   a - Magic Dart                     Conjuration                  1
   b - Searing Ray                    Conjuration                  2
   c - Dazzling Spray                 Conjuration/Hexes            3
   d - Fulminant Prism                Conjuration/Hexes            4
   e - Iskenderun's Mystic Blast      Conjuration                  4
   f - Iskenderun's Battlesphere      Conjuration/Charms           5
Comestibles
 c - 3 bread rations
 s - a beef jerky


   Skills:
 - Level 2.4 Dodging
 - Level 2.4 Stealth
 * Level 7.9 Spellcasting
 + Level 5.5 Conjurations


You had 12 spell levels left.
You knew the following spells:

 Your Spells              Type           Power        Failure   Level  Hunger
a - Magic Dart            Conj           ####         1%          1    None
b - Dazzling Spray        Conj/Hex       ###...       10%         3    None
c - Iskenderun's Mystic   Conj           ####....     10%         4    ###....


Dungeon Overview and Level Annotations

Branches:
Dungeon (4/15)
 Temple: D:4-7

Altars:
Nemelex Xobeh
Vehumet

Annotations:
D:2 Sigmund


Message History

Confirm wit' . or Enter, or press ? or * ta list all spells.
Aimin': Dazzlin' Spray
Press: ? - help, Shift-Dir - straight line, f/p - ogre
Aim: an ogre, wieldin' a giant spiked club (heavily wounded) Tha spray o' energy misses tha ogre.
Tha spray o' energy hits tha ogre.
Tha ogre be moderately wounded.
Ye feel sick.
Tha ogre hits ye wit' a giant spiked club!
* * * LOW HITPOINT WARNIN'
* * * Castin': Dazzlin' Spray Confirm wit' . or Enter, or press ? or * ta list all spells.
Aimin': Dazzlin' Spray
Press: ? - help, Shift-Dir - straight line, f/p - ogre
Aim: an ogre, wieldin' a giant spiked club (heavily wounded) Tha spray o' energy hits tha ogre.
Tha ogre be almost dead.
Tha ogre be dazzled.
Tha spray o' energy hits tha ogre.
Tha ogre be moderately wounded.
Tha ogre hits ye wit' a giant club!
Ye die...

#..)#)#....##..
#...#...#...#..
#...#.......#..
#.........# .
#.........#
###........<#
#.....#...###
#####O.........##....
#...@O.........##...#
#..............##..
#........##...###.
#........##?..# #
########## ...# ####


You could see 2 ogres.

Vanquished Creatures
  Menkaure (D:4)
  An orc priest (D:3)
  Ijyb (D:3)
  A giant frog skeleton (D:4)
  Natasha (D:4)
  A worker ant (D:4)
  2 adders
  A worm (D:3)
  2 giant geckos (D:1)
  4 orcs (D:3)
  A ball python (D:2)
  2 bats
  3 giant cockroaches
  4 goblins
  5 hobgoblins
  4 jackals (D:1)
  11 kobolds
  A giant newt (D:3)
  A quokka skeleton (D:3)
  8 rats
55 creatures vanquished.

Vanquished Creatures (others)
  An orc wizard (D:3)
1 creature vanquished.

Grand Total: 56 creatures vanquished

Notes
Turn   | Place    | Note
--------------------------------------------------------------
     0 | D:1      | Heedrag the Deep Elf Conjurer began the quest for the Orb.
     0 | D:1      | Reached XP level 1. HP: 10/10 MP: 6/6
   228 | D:1      | Reached XP level 2. HP: 15/15 MP: 6/8
   235 | D:1      | Reached skill level 4 in Spellcasting
   434 | D:1      | Found a sparkling altar of Nemelex Xobeh.
   862 | D:1      | Reached XP level 3. HP: 19/19 MP: 6/11
   867 | D:1      | Learned a level 3 spell: Dazzling Spray
   933 | D:2      | Reached skill level 5 in Spellcasting
  1015 | D:2      | Noticed Sigmund
  1365 | D:3      | Found a radiant altar of Vehumet.
  1434 | D:3      | Became a worshipper of Vehumet
  1551 | D:3      | Noticed Ijyb
  1677 | D:3      | Killed Ijyb
  1677 | D:3      | Reached XP level 4. HP: 7/24 MP: 9/13
  1835 | D:3      | Reached skill level 6 in Spellcasting
  1844 | D:3      | Learned a level 4 spell: Iskenderun's Mystic Blast
  2152 | D:3      | Reached skill level 5 in Conjurations
  2298 | D:4      | Noticed Menkaure
  2302 | D:4      | Noticed an ogre
  2305 | D:4      | Killed Menkaure
  2305 | D:4      | Reached skill level 7 in Spellcasting
  2305 | D:4      | Reached XP level 5. HP: 28/28 MP: 5/16
  2483 | D:4      | Noticed Natasha
  2489 | D:4      | Reached XP level 6. HP: 30/32 MP: 8/18
  2493 | D:4      | Killed Natasha
  2591 | D:4      | Slain by an ogre

Skill      XL: |  1  2  3  4 |
---------------+-------------+-----
Spellcasting   | 4 5 7 |  7.9
Conjurations   | 5 |  5.5
Dodging        | |  2.4
Stealth        | |  2.4

Action                   |  1- 3 |  4- 6 || total
-------------------------+-------+-------++-------
Melee: Short sword       |     8 |     6 ||    14
 Cast: Magic Dart        |    80 |    43 ||   123
       Dazzling Spray    |       |    11 ||    11
  Eat: Chunk             |     2 |     2 ||     4
Armor: Robe              |     5 |     3 ||     8
Dodge: Dodged            |    17 |    10 ||    27
